 Dungeon Crawl Stone Soup version 0.28.0-45-g0d030f2227 (webtiles) character file.

Game seed: 14389391233360111795

349 Ablot the Cutter (level 6, -5/53 HPs)
             Began as a Gnoll Chaos Knight on Apr 11, 2022.
             Was a Plaything of Xom.
             Slain by a centaur
             ... wielding a +0 war axe
              (9 damage)
             ... on level 4 of the Dungeon.
             The game lasted 00:04:23 (3549 turns).

Ablot the Cutter (Gnoll Chaos Knight)               Turns: 3549, Time: 00:04:24

Health: -5/53      AC:  6    Str: 13      XL:     6   Next: 60%
Magic:  0/9        EV: 12    Int: 11 (12) God:    Xom [.*....]
Gold:   85         SH:  0    Dex:  8 (9)  Spells: 9/9 levels left

rFire   . . .      SeeInvis .   a - +0 short sword (chaos)
rCold   . . .      Faith    .   (no shield)
rNeg    . . .      Spirit   +   b - +2 leather armour
rPois   +          Reflect  .   (no helmet)
rElec   .          Harm     .   (no cloak)
rCorr   .          Rampage  .   w - +0 pair of gloves
Will    .....                   (no boots)
Stlth   +.........              p - amulet of guardian spirit
HPRegen 0.17/turn               k - ring of poison resistance
MPRegen 0.11/turn               (no ring)

@: studying Polearms
A: fangs 1, strong nose, distributed training, clumsy 1, deterioration 1
a: Renounce Religion


You were on level 4 of the Dungeon.
You worshipped Xom.
You were a plaything of Xom.
You visited 1 branch of the dungeon, and saw 4 of its levels.

You collected 85 gold pieces.

Inventory:

Hand Weapons
 a - a +0 short sword of chaos (weapon)
 r - the +4 short sword "Ejiez Etugu" {speed, rElec rC+ Dex+4 Stlth-}
   (You found it on level 3 of the Dungeon)

   Attacks with this weapon are significantly faster.
   Dex:       It affects your dexterity (+4).
   rC:        It protects you from cold.
   rElec:     It insulates you from electricity.
   Stlth:     It makes you less stealthy.
Missiles
 d - 46 bolts
 i - 147 stones (quivered)
 t - 2 poisoned darts
 v - 38 arrows
Armour
 b - a +2 leather armour (worn)
 w - a +0 pair of gloves (worn)
Jewellery
 k - a ring of poison resistance (left hand)
 p - an amulet of guardian spirit (around neck)
 q - a ring of ice
Wands
 n - a wand of flame (14)
 y - a wand of iceblast (5)
Scrolls
 c - a scroll of identify
 m - 2 scrolls of blinking {unknown}
 o - a scroll of summoning {unknown}
 s - 3 scrolls of teleportation {unknown}
 x - a scroll of immolation {unknown}
 z - a scroll of noise {unknown}
Potions
 e - a potion of degeneration {unknown}
 f - a potion of ambrosia {unknown}
 g - 2 potions of resistance
 h - a potion of berserk rage {unknown}
 j - 3 potions of curing
 l - a potion of brilliance {unknown}
 u - 2 potions of lignification


   Skills:
 + Level 6.8 Fighting
 + Level 6.8 Short Blades
 + Level 2.0 Long Blades
 + Level 2.0 Axes
 + Level 2.0 Maces & Flails
 + Level 2.2 Polearms
 + Level 2.0 Staves
 + Level 2.0 Slings
 + Level 2.0 Bows
 + Level 2.0 Crossbows
 + Level 2.0 Throwing
 + Level 5.0 Armour
 + Level 3.3 Dodging
 + Level 2.0 Stealth
 + Level 2.0 Shields
 + Level 2.0 Unarmed Combat
 + Level 2.0 Spellcasting
 + Level 1.6 Conjurations
 + Level 1.6 Hexes
 + Level 1.6 Summonings
 + Level 1.6 Necromancy
 + Level 1.6 Translocations
 + Level 1.6 Transmutations
 + Level 1.6 Fire Magic
 + Level 1.6 Ice Magic
 + Level 1.6 Air Magic
 + Level 1.6 Earth Magic
 + Level 1.6 Poison Magic
 + Level 2.2 Invocations
 + Level 2.0 Evocations


You had 9 spell levels left.
You didn't know any spells.
Your spell library contained the following spells:

 Spells                   Type           Power      Damage    Failure   Level
 Chain Lightning          Conj/Air       2%         3d2       100%        9
 Fire Storm               Conj/Fire      2%         8d1       100%        9
 Shatter                  Erth           2%         3d6*      100%        9


Dungeon Overview and Level Annotations

Branches:
Dungeon (4/15)
 Temple: D:4-7

Altars:
Dithmenos
Wu Jian

Shops:
D:3 :


Innate Abilities, Weirdness & Mutations

You have very sharp teeth.
Your uncanny sense of smell can sniff out nearby items.
Your experience applies equally to all skills.
You are clumsy. (Dex -2)
Your body sometimes deteriorates upon taking damage.


Message History

The centaur unwields a +0 war axe.
The centaur wields a +0 shortbow.
The centaur shoots an arrow.
The arrow hits you!
Your body deteriorates!
You feel dopey.
The centaur shoots an arrow.
The arrow hits you.
The centaur shoots an arrow.
The arrow barely misses you.
The centaur unwields a +0 shortbow.
The centaur wields a +0 war axe.
The centaur hits you with a +0 war axe. The centaur closely misses you.
The centaur hits you with a +0 war axe!
The centaur kicks you but does no damage.
You completely miss the centaur. The centaur barely misses you.
The centaur kicks you.
You hit the centaur.
The centaur is lightly wounded.
The centaur hits you with a +0 war axe!
* * * LOW HITPOINT WARNING * * *
The centaur kicks you but does no damage.
You barely miss the centaur.
The centaur is lightly wounded.
The centaur barely misses you.
The centaur kicks you but does no damage.
You hit the centaur but do no damage. Your punch misses the centaur.
The centaur is lightly wounded.
You are now a plaything of Xom.
The centaur barely misses you.
The centaur kicks you but does no damage.
You hit the centaur.
You feel better.
The centaur is moderately wounded.
The centaur hits you with a +0 war axe!
* * * LOW HITPOINT WARNING * * *
Your body deteriorates!
You feel clumsy.
The centaur kicks you but does no damage.
You hit the centaur. You freeze the centaur. Your bite misses the centaur.
The centaur is heavily wounded.
The centaur hits you with a +0 war axe.
* * * LOW HITPOINT WARNING * * *
The centaur kicks you.
* * * LOW HITPOINT WARNING * * *
The centaur hits you with a +0 war axe!
You die...
Xom roars with laughter!

#### #.#.#
##...# #..###
#..# #..# #..#
#..# #c.#
##@.# ##...#
####†.#.##
#.#........##
............#
.............#
...........$.#
#............#
##..........##


You could see a centaur.

Vanquished Creatures
  A water moccasin skeleton (D:4)
  A howler monkey (D:4)
  A hound (D:4)
  A jelly (D:4)
  Jessica (D:3)
  2 iguanas (D:4)
  5 adders
  2 worms
  3 dart slugs
  10 ball pythons
  6 bats
  10 endoplasms
  3 giant cockroaches (D:1)
  6 goblins
  2 hobgoblins (D:4)
  4 quokkas (D:2)
  4 frilled lizards
  6 kobolds
  6 rats
74 creatures vanquished.

Notes
Turn   | Place    | Note
-------+----------+-------------------------------------------
     0 | D:1      | Ablot the Gnoll Chaos Knight began the quest for the Orb.
     0 | D:1      | Reached XP level 1. HP: 23/23 MP: 1/1
   175 | D:1      | XOM: divination: magic mapping
   242 | D:1      | Reached XP level 2. HP: 29/29 MP: 2/2
   450 | D:1      | XOM: silly message
   760 | D:1      | XOM: cloud trail
   887 | D:1      | XOM is BORED!
   887 | D:1      | XOM: silly message
   971 | D:2      | Reached XP level 3. HP: 35/35 MP: 3/3
  1118 | D:2      | XOM: silly message
  1158 | D:2      | Found a faded altar of an unknown god.
  1164 | D:2      | Reached skill level 1 in Invocations
  1267 | D:2      | Reached skill level 1 in Long Blades
  1267 | D:2      | Reached skill level 1 in Axes
  1267 | D:2      | Reached skill level 1 in Maces & Flails
  1267 | D:2      | Reached skill level 1 in Polearms
  1267 | D:2      | Reached skill level 1 in Staves
  1267 | D:2      | Reached skill level 1 in Slings
  1267 | D:2      | Reached skill level 1 in Bows
  1267 | D:2      | Reached skill level 1 in Crossbows
  1267 | D:2      | Reached skill level 1 in Throwing
  1267 | D:2      | Reached skill level 1 in Stealth
  1267 | D:2      | Reached skill level 1 in Shields
  1267 | D:2      | Reached skill level 1 in Unarmed Combat
  1267 | D:2      | Reached skill level 1 in Spellcasting
  1267 | D:2      | Reached skill level 1 in Evocations
  1484 | D:2      | XOM: silly message
  1493 | D:2      | Reached XP level 4. HP: 41/41 MP: 5/5
  1601 | D:2      | XOM: smoke on damage
  1642 | D:2      | XOM: give mutations
  1642 | D:2      | Gained mutation: Your body sometimes deteriorates upon
                  | taking damage. [Xom's mischief]
  1642 | D:2      | Gained mutation: You are clumsy. (Dex -2) [Xom's mischief]
  1867 | D:3      | Noticed Jessica
  1878 | D:3      | Killed Jessica
  1879 | D:3      | Reached skill level 1 in Conjurations
  1879 | D:3      | Reached skill level 1 in Hexes
  1879 | D:3      | Reached skill level 1 in Summonings
  1879 | D:3      | Reached skill level 1 in Necromancy
  1879 | D:3      | Reached skill level 1 in Translocations
  1879 | D:3      | Reached skill level 1 in Transmutations
  1879 | D:3      | Reached skill level 1 in Fire Magic
  1879 | D:3      | Reached skill level 1 in Ice Magic
  1879 | D:3      | Reached skill level 1 in Air Magic
  1879 | D:3      | Reached skill level 1 in Earth Magic
  1879 | D:3      | Reached skill level 1 in Poison Magic
  2056 | D:3      | Identified the +4 short sword "Ejiez Etugu" {speed, rElec
                  | rC+ Dex+4 Stlth-}
  2077 | D:3      | XOM: enchant monster (bad)
  2477 | D:3      | XOM: noise
  2481 | D:3      | Reached XP level 5. HP: 43/47 MP: 4/6
  2663 | D:3      | Found Bueth's Book Shop.
  2705 | D:3      | XOM: god gift: lead wand {god gift}
  2824 | D:3      | XOM: noise
  2970 | D:3      | Found an ornate altar of the Wu Jian Council.
  2970 | D:3      | Found a shadowy altar of Dithmenos.
  3130 | D:4      | XOM: summons friendly shadow imp
  3324 | D:4      | Reached XP level 6. HP: 45/53 MP: 6/8
  3349 | D:4      | Reached skill level 5 in Armour
  3510 | D:4      | XOM: fog
  3549 | D:4      | Slain by a centaur

Illustrated notes

Levels and vault maps discovered:
D:1:      lightli_arrival_lavapool, layout_basic
D:2:      minmay_general_purpose_star, layout_rooms,
          hellmonk_ecumenical_altar_lost_god,
          nicolae_concentric_dashed_squares_wild
D:3:      layout_basic, gammafunk_temple_overflow_elements, serial_shops, shop,
          uniq_jessica
D:4:      layout_rooms, mainiacjoe_overflow_six_doors_small,
          minmay_temple_entry_waves, eino_small_chamber_without_monster,
          minmay_manual_monstrance

Skill      XL: |  1  2  3  4  5  6 |
---------------+-------------------+-----
Invocations    | 1 2 |  2.2
Long Blades    | 1 2 |  2.0
Axes           | 1 2 |  2.0
Maces & Flails | 1 2 |  2.0
Polearms       | 1 2 |  2.2
Staves         | 1 2 |  2.0
Slings         | 1 2 |  2.0
Bows           | 1 2 |  2.0
Crossbows      | 1 2 |  2.0
Throwing       | 1 2 |  2.0
Stealth        | 1 2 |  2.0
Shields        | 1 2 |  2.0
Unarmed Combat | 1 2 |  2.0
Spellcasting   | 1 2 |  2.0
Evocations     | 1 2 |  2.0
Conjurations   | 1 |  1.6
Hexes          | 1 |  1.6
Summonings     | 1 |  1.6
Necromancy     | 1 |  1.6
Translocations | 1 |  1.6
Transmutations | 1 |  1.6
Fire Magic     | 1 |  1.6
Ice Magic      | 1 |  1.6
Air Magic      | 1 |  1.6
Earth Magic    | 1 |  1.6
Poison Magic   | 1 |  1.6
Dodging        | 3 |  3.3
Armour         | 5 |  5.0
Fighting       | |  6.8
Short Blades   | |  6.8

Action                   |  1- 3 |  4- 6 || total
-------------------------+-------+-------++-------
Melee: Short sword       |   114 |   139 ||   253
       Bite              |     7 |    17 ||    24
       Punch             |     1 |     3 ||     4
  Use: Scroll            |       |     3 ||     3
 Stab: Sleeping          |     1 |       ||     1
       Confused          |       |     1 ||     1
Armor: Leather armour    |    32 |    29 ||    61
Dodge: Dodged            |    50 |    61 ||   111
